 Dungeon Crawl Stone Soup version 0.27.0-1-g7a089689b8 (webtiles) character file.

Game seed: 10303188438673404256

210 SnakkuSnakku7 the Skirmisher (level 5, -15/36 HPs)
             Began as a Gargoyle Necromancer on Aug 5, 2021.
             Killed by an exploding orc (29 damage)
             ... ignited by their inner flame
             ... on level 4 of the Dungeon.
             The game lasted 00:03:22 (2627 turns).

SnakkuSnakku7 the Skirmisher (Gargoyle Necromancer) Turns: 2627, Time: 00:03:23

Health: -15/36     AC: 13    Str: 12    XL:     5   Next: 88%
Magic:  8/8        EV:  5    Int: 16    God:
Gold:   118        SH:  0    Dex: 10    Spells: 7/8 levels left

rFire    . . .     SeeInvis .   b - +0 dagger (venom)
rCold    . . .     Faith    .   (no shield)
rNeg     + + .     Spirit   .   m - +0 chain mail
rPois    ∞         Reflect  .   (no helmet)
rElec    +         Harm     .   (no cloak)
rCorr    .         Rampage  .   k - +0 pair of gloves
Will     .....                  (no boots)
Stlth    ..........             (no amulet)
HPRegen  0.12/turn              e - ring of positive energy
MPRegen  0.11/turn              (no ring)

@: no status effects
A: sickness immunity, AC +4, negative energy resistance 1, electricity
resistance, torment resistance 1, petrification resistance
a: no special abilities


You were on level 4 of the Dungeon.
You visited 1 branch of the dungeon, and saw 4 of its levels.

You collected 118 gold pieces.

Inventory:

Hand Weapons
 b - a +0 dagger of venom (weapon)
Missiles
 i - 18 poisoned darts
 l - a throwing net
Armour
 a - a +0 robe
 k - a +0 pair of gloves (worn)
 m - a +0 chain mail (worn)
Jewellery
 e - a ring of positive energy (left hand)
Scrolls
 f - a scroll of enchant armour
 o - a scroll of identify
Potions
 c - a potion of magic {unknown}
 g - a potion of haste {unknown}
 h - a potion of brilliance
 n - a potion of mutation


   Skills:
 + Level 5.9 Fighting
 - Level 1.5 Dodging
 - Level 2.1 Stealth
 - Level 2.0 Spellcasting
 - Level 3.3 Necromancy


You had 7 spell levels left.
You knew the following spells:

 Your Spells              Type           Power      Damage    Failure   Level
a - Pain                  Necr           48%        1d6       95%         1

Your spell library contained the following spells:

 Spells                   Type           Power      Damage    Failure   Level
 Animate Skeleton         Necr           24%        N/A       95%         1
 Vampiric Draining        Necr           6%         2d6       100%        3
 Animate Dead             Necr           6%         N/A       100%        4
 Agony                    Necr           12%        N/A       100%        5


Dungeon Overview and Level Annotations

Branches:
Dungeon (4/15)
 Temple: D:4-7

Altars:


Innate Abilities, Weirdness & Mutations

You are immune to sickness and miasma.
Your stone body is resilient. (AC +4)
You are immune to poison.
You resist negative energy. (rN+)
You are resistant to electric shocks. (rElec)
You are resistant to unholy torment.
You are immune to petrification.


Message History

The ufetubus hits you but does no damage. x2
You barely miss the orc.
The orc is moderately wounded.
The orc hits you with a +0 flail.
The ufetubus hits you but does no damage.
The ufetubus hits you.
You hit the orc.
The orc is poisoned.
The orc is almost dead.
You kill the orc!
You kill the orc wizard!
The ufetubus barely misses you.
The ufetubus hits you but does no damage. x3
The orc hits you but does no damage.
You see here a +0 flail.
You closely miss the orc.
The ufetubus hits you but does no damage. x2
The orc hits you but does no damage. The ufetubus barely misses you. x2
You hit the orc but do no damage.
The orc is poisoned.
The ufetubus hits you but does no damage.
The ufetubus completely misses you. The orc hits you with a +0 club.
You closely miss the orc.
The orc is lightly wounded.
The ufetubus hits you.
* * * LOW HITPOINT WARNING * * *
The ufetubus hits you.
* * * LOW HITPOINT WARNING * * *
The orc barely misses you. The ufetubus barely misses you.
The ufetubus hits you.
* * * LOW HITPOINT WARNING * * *
You feel better.
The ufetubus hits you but does no damage. x2
The orc barely misses you.
Unknown command.
As you read the scroll labelled EFUTIR GULOKH, it crumbles to dust.
The creatures around you are filled with an inner flame!
It was a scroll of immolation.
The ufetubus hits you but does no damage.
The orc explodes!
The fiery explosion engulfs you!!
Ouch! That really hurt!
You die...

#..# .... #..##+##
#####..#...## #
...$.......## .#
...........## ..#
#.........####§..##
+.......<.n5@§{...#
#..|...†..####§..##
##.......## ..#
##..)..## .#
##...## .. ##+## .#
#


You could see a necrophage (inner flame) and an ufetubus (inner flame).

Vanquished Creatures
  An orc wizard (D:4)
  Natasha (thrice) (D:3)
  6 adders
  3 dart slugs
  3 orcs
  9 ball pythons
  6 endoplasms
  A giant cockroach (D:4)
  7 hobgoblins
  2 quokkas
  2 bats
  2 frilled lizards
  3 goblins
  3 kobolds
  3 rats
54 creatures vanquished.

Notes
Turn   | Place    | Note
-------+----------+-------------------------------------------
     0 | D:1      | SnakkuSnakku7 the Gargoyle Necromancer began the quest for
                  | the Orb.
     0 | D:1      | Reached XP level 1. HP: 10/10 MP: 3/3
   123 | D:1      | Reached skill level 1 in Fighting
   134 | D:1      | Reached XP level 2. HP: 17/17 MP: 5/5
   213 | D:1      | Found a faded altar of an unknown god.
   234 | D:1      | Reached skill level 2 in Fighting
   867 | D:1      | Reached skill level 3 in Fighting
   867 | D:1      | Reached XP level 3. HP: 10/23 MP: 6/6
  1333 | D:2      | Reached XP level 4. HP: 8/29 MP: 7/7
  1453 | D:2      | Reached skill level 4 in Fighting
  1884 | D:3      | Noticed Natasha
  1892 | D:3      | Killed Natasha
  2171 | D:3      | Reached XP level 5. HP: 32/34 MP: 8/8
  2400 | D:3      | Noticed Natasha
  2413 | D:3      | Killed Natasha
  2414 | D:3      | Reached skill level 5 in Fighting
  2479 | D:3      | Noticed Natasha
  2489 | D:3      | Killed Natasha
  2602 | D:4      | Noticed a necrophage
  2627 | D:4      | Killed by an exploding orc... ignited by their inner flame

Illustrated notes

Levels and vault maps discovered:
D:1:      nzn_arrival_depleted_hourglass, layout_basic,
          shapermc_ecumenical_altar_mp_highgroup
D:2:      layout_rooms
D:3:      layout_loops_ring, mrwooster_statue_mirror, uniq_natasha
D:4:      layout_loops_corners, ebering_ghost_sewer_f, minmay_vboxes

Skill      XL: |  1  2  3  4  5 |
---------------+----------------+-----
Fighting       | 1 3 4 5 |  5.9
Dodging        | |  1.5
Stealth        | |  2.1
Spellcasting   | |  2.0
Necromancy     | |  3.3

Action                   |  1- 3 |  4- 6 || total
-------------------------+-------+-------++-------
Melee: Dagger            |    89 |   114 ||   203
 Cast: Pain              |     1 |       ||     1
  Use: Scroll            |       |     5 ||     5
       Potion            |       |     1 ||     1
 Stab: Sleeping          |     2 |       ||     2
Armor: Robe              |    21 |       ||    21
       Chain mail        |     4 |    98 ||   102
Dodge: Dodged            |    55 |    42 ||    97
